 Dungeon Crawl Stone Soup version 0.29-a0-512-gf59ac788ac (webtiles) character file.

Game seed: 1222948311927903751

850 Hellonello the Chopper (level 7, -3/57 HPs)
             Began as a Black Draconian Monk on May 29, 2022.
             Slain by Duvessa
             ... wielding a +0 rapier
              (14 damage)
             ... on level 4 of the Dungeon.
             The game lasted 00:10:53 (4413 turns).

Hellonello the Chopper (Black Draconian Monk)       Turns: 4413, Time: 00:10:54

Health: -3/57      AC: 10    Str: 16    XL:     7   Next: 69%
Magic:  7/7        EV: 13    Int: 10    God:
Gold:   111        SH:  0    Dex: 19    Spells: 6/6 levels left

rFire   . . .      SeeInvis .   b - +0 dagger (elec)
rCold   . . .      Faith    .   (no shield)
rNeg    . . .      Spirit   .   (body armour unavailable)
rPois   .          Reflect  .   (helmet restricted)
rElec   +          Harm     .   p - +0 cloak
rCorr   .          Rampage  .   h - +1 pair of gloves
Will    .....                   d - +0 pair of boots
Stlth   ++........              f - amulet of the acrobat
HPRegen 0.19/turn               k - +6 ring of dexterity
MPRegen 0.10/turn               (no ring)

@: no status effects
A: breathe lightning, AC +6, unfitting armour, electricity resistance,
cold-blooded
a: Breathe Lightning


You were on level 4 of the Dungeon.
You visited 1 branch of the dungeon, and saw 7 of its levels.

You collected 111 gold pieces.

Inventory:

Hand Weapons
 a - a +0 hand axe
 b - a +0 dagger of electrocution (weapon)
 o - a +4 quarterstaff of chaos
Armour
 d - a +0 pair of boots (worn)
 h - a +1 pair of gloves (worn)
 p - a +0 cloak (worn)
Jewellery
 f - an amulet of the acrobat (around neck)
 g - a ring of fire
 k - a +6 ring of dexterity (left hand)
 r - a ring of flight
Scrolls
 c - a scroll of immolation
 e - a scroll of blinking
 j - 2 scrolls of summoning
 l - 2 scrolls of noise {unknown}
 m - a scroll of vulnerability {unknown}
 n - a scroll of poison {unknown}
 q - a scroll of fear {unknown}
 t - a scroll of identify
 u - a scroll of enchant armour
Potions
 i - a potion of mutation
 s - a potion of berserk rage


   Skills:
 - Level 3.2 Fighting
 + Level 5.9 Short Blades
 - Level 7.0 Axes
 - Level 2.6 Dodging
 - Level 1.7 Stealth


You had 6 spell levels left.
You didn't know any spells.
Your spell library was empty.

Dungeon Overview and Level Annotations

Branches:
Dungeon (7/15)
 Temple: D:4-7

Altars:
Xom
The Shining One

Shops:
D:2 [

Annotations:
D:4 Duvessa, Robin


Innate Abilities, Weirdness & Mutations

You can breathe wild blasts of lightning.
Your glossy black scales are hard. (AC +6)
You cannot fit into any form of body armour.
You are resistant to electric shocks. (rElec)
You are cold-blooded and may be slowed by cold attacks.


Message History

Level annotation: Duvessa, Robin
There is a stone staircase leading down here.
Duvessa goes berserk!
Robin shouts!
You hit Robin but do no damage. You tail-slap Robin.
Robin is lightly wounded.
Duvessa rages.
Robin misses you.
You hit Robin. Lightning courses through Robin!
Robin is almost dead.
You hit Robin.
Robin is almost dead.
Duvessa hits you with a +0 rapier! Robin hits you but does no damage.
You hit Duvessa but do no damage.
Your tail-slap misses Duvessa.
Duvessa hits you with a +0 rapier! Robin hits you but does no damage.
Duvessa hits you but does no damage.
You hit Duvessa but do no damage. Lightning courses through Duvessa!!
Duvessa is moderately wounded.
Duvessa hits you with a +0 rapier. Robin misses you.
You hit Duvessa. Lightning courses through Duvessa!!
Duvessa is severely wounded.
Duvessa misses you.
You hit Duvessa.
Duvessa is almost dead.
Robin closely misses you. Duvessa misses you.
You hit Duvessa but do no damage.
Duvessa is almost dead.
Duvessa hits you with a +0 rapier! Robin hits you but does no damage.
You hit Duvessa but do no damage.
Duvessa is almost dead.
Duvessa hits you with a +0 rapier!
* * * LOW HITPOINT WARNING * * *
You hit Duvessa but do no damage.
You tail-slap Duvessa, but do no damage.
Duvessa is almost dead.
Robin completely misses you. Duvessa hits you but does no damage.
You barely miss Duvessa.
Duvessa is almost dead.
Duvessa hits you with a +0 rapier!
You die...

#....#..# .#####..
##.#.^.##### ...
... ###.##.e ....
..# #).# .......
..#...# ..# #..#.#
#.#...#
#...####>.#####
####..............#
#..........)......#
#......e@=.#####...
#......g..## .#
#.........# .
#.........#
#.........#
#.<.......#
#.........#
###########


You could see Duvessa (berserk) and Robin.

Vanquished Creatures
  Sigmund (D:3)
  A sky beast (D:6)
  A phantom (D:6)
  2 bullfrogs (D:6)
  A scorpion (D:6)
  Dowan (D:4)
  A howler monkey (D:6)
  A hound (D:4)
  Crazy Yiuf (D:3)
  A jelly (D:6)
  An orc wizard (D:2)
  3 adders
  A shadow imp (D:3)
  2 worms
  2 dart slugs
  8 orcs
  6 endoplasms
  2 giant cockroaches (D:2)
  15 goblins
  11 hobgoblins
  5 jackals
  A quokka (D:1)
  7 ball pythons
  4 bats
  7 frilled lizards
  5 kobolds
  5 rats
96 creatures vanquished.

Vanquished Creatures (others)
  A plant (D:1)
1 creature vanquished.

Grand Total: 97 creatures vanquished

Notes
Turn   | Place    | Note
-------+----------+-------------------------------------------
     0 | D:1      | Hellonello the Draconian Monk began the quest for the Orb.
     0 | D:1      | Reached XP level 1. HP: 19/19 MP: 1/1
     1 | D:1      | Noticed an electric eel
   403 | D:1      | Reached XP level 2. HP: 26/26 MP: 2/2
   653 | D:1      | Reached skill level 4 in Axes
   819 | D:1      | Found a faded altar of an unknown god.
  1034 | D:2      | Reached XP level 3. HP: 25/31 MP: 3/3
  1378 | D:2      | Found Lyggoel's Antique Armour Shop.
  1818 | D:3      | Reached XP level 4. HP: 33/38 MP: 4/4
  1821 | D:3      | Reached skill level 5 in Axes
  1926 | D:3      | Found a glowing golden altar of the Shining One.
  2176 | D:3      | Noticed Sigmund
  2201 | D:3      | Killed Sigmund
  2202 | D:3      | Reached skill level 6 in Axes
  2202 | D:3      | Reached XP level 5. HP: 45/45 MP: 5/5
  2213 | D:3      | Reached XP level 6. HP: 51/51 MP: 6/6
  2335 | D:3      | HP: 2/51 [orc wizard/+0 dagger of electrocution (1)]
  2565 | D:2      | Reached skill level 7 in Axes
  2904 | D:3      | Found a shimmering altar of Xom.
  2965 | D:3      | Found a runed translucent door.
  2966 | D:3      | Noticed Crazy Yiuf
  2980 | D:3      | Killed Crazy Yiuf
  2981 | D:3      | Reached skill level 1 in Short Blades
  3244 | D:4      | Noticed Duvessa
  3245 | D:4      | Noticed Robin
  3247 | D:4      | Noticed Dowan
  3770 | D:4      | Killed Dowan
  3865 | D:4      | You fall into a shaft and drop 3 floors!
  3898 | D:6      | Your scales start taking on a glossy black colour.
  3898 | D:6      | Reached XP level 7. HP: 51/57 MP: 7/7
  3898 | D:6      | Gained mutation: You are resistant to electric shocks.
                  | (rElec) [Black Draconian growth]
  4181 | D:6      | Reached skill level 5 in Short Blades
  4391 | D:5      | Entered Level 5 of the Dungeon
  4413 | D:4      | Slain by Duvessa

Illustrated notes

Levels and vault maps discovered:
D:1:      arrival_aquarium_a, layout_basic, shapermc_ecumenical_altar_acropolis
D:2:      layout_loops_ring, serial_shops,
          nicolae_shop_temple_entry_statues_fountains, st_stairs_13
D:3:      layout_rooms, general_overflow_altar, nicolae_tso_swordbearing_angel,
          minmay_misc_feat_tower, corexii_leaking_fountain, chequers_avenue,
          uniq_crazy_yiuf_cottage, uniq_sigmund
D:4:      layout_rooms, minmay_temple_entry_nine_rooms,
          lightli_ossuary_entry_decrepit_ruins, uniq_duvessa, uniq_robin
D:5:      layout_basic, vehumet_statue, dk_noncrumbling_4
D:6:      layout_basic
D:7:      cheibrodos_wizards_tower, layout_cave_pools, lemuel_doored_altar,
          serial_shops, nicolae_shop_stone, uniq_prince_ribbit1

Skill      XL: |  1  2  3  4  5  6  7 |
---------------+----------------------+-----
Axes           | 4 6 7 |  7.0
Short Blades   | 3 5 |  5.9
Fighting       | |  3.2
Dodging        | |  2.6
Stealth        | |  1.7

Action                   |  1- 3 |  4- 6 |  7- 9 || total
-------------------------+-------+-------+-------++-------
Melee: Hand axe          |   142 |    72 |       ||   214
       Tailslap          |    17 |    17 |    13 ||    47
       Punch             |     2 |       |     1 ||     3
       Dagger            |       |    95 |    79 ||   174
  Use: Scroll            |     6 |     1 |       ||     7
       Potion            |       |     3 |       ||     3
 Stab: Sleeping          |    10 |     3 |       ||    13
       Invisible         |       |     2 |       ||     2
Armor: Skin              |    49 |    87 |    20 ||   156
Dodge: Dodged            |   110 |   153 |    35 ||   298

Table legend: (Time is in decaauts)
 A = Elapsed time spent in this place.
 B = Non-inter-level travel time spent in this place.
 C = Inter-level travel time spent in this place.
 D = Time resting spent in this place.
 E = Time spent auto-exploring this place.
 F = Levels seen in this place.
 G = Mean time per level.
                   A        B        C        D        E       F      G
               +--------+--------+--------+--------+--------+-----+--------+
         Total |   4396 |   4280 |    116 |    908 |   2393 |   7 |  628.0 |
       Dungeon |   4396 |   4280 |    116 |    908 |   2393 |   7 |  628.0 |
               +--------+--------+--------+--------+--------+-----+--------+

Top non-repeatable levels by time:
     D:3: 1663 daAuts
     D:1: 1023 daAuts
     D:2: 1008 daAuts
     D:6: 497 daAuts
     D:4: 186 daAuts
     D:7: 9 daAuts
     D:5: 7 daAuts
